 Dungeon Crawl Stone Soup version 0.27-a0-1136-g0b992a5a9d (webtiles) character file.

Game seed: 7870011206531380618

3108 reriks the Thaumaturge (level 9, -5/45 HPs)
             Began as a Deep Elf Conjurer on May 5, 2021.
             Was a Follower of Vehumet.
             Slain by a slime creature (10 damage)
             ... on level 8 of the Dungeon.
             The game lasted 00:14:39 (12099 turns).

reriks the Thaumaturge (Deep Elf Conjurer)         Turns: 12099, Time: 00:14:40

Health: -5/45      AC:  3    Str:  4    XL:     9   Next: 60%
Magic:  16/24      EV: 15    Int: 27    God:    Vehumet [*.....]
Gold:   347        SH:  0    Dex: 13    Spells: 23/26 levels left

rFire    . . .     SeeInvis .   I - +10 dagger "Nipret" {vorpal, +Rage Stlth+}
rCold    . . .     Faith    .   (no shield)
rNeg     . . .     Spirit   .   a - +0 robe
rPois    +         Reflect  .   (no helmet)
rElec    .         Harm     .   J - scarf {repulsion}
rCorr    .         Rampage  .   y - +0 pair of gloves
Will     +....                  (no boots)
Stlth    +++++.....             u - amulet of regeneration
HPRegen  1.15/turn              G - ring of willpower
MPRegen  0.19/turn              v - ring of poison resistance

@: repel missiles
A: no striking features
a: Renounce Religion, Evoke Berserk Rage


You were on level 8 of the Dungeon.
You worshipped Vehumet.
Vehumet was aware of your devotion.
You visited 2 branches of the dungeon, and saw 9 of its levels.

You collected 347 gold pieces.

Inventory:

Hand Weapons
 i - a +2 spear of freezing
 I - the +10 dagger "Nipret" (weapon) {vorpal, +Rage Stlth+}
   (You took it off an orc on level 7 of the Dungeon)

   It inflicts extra damage upon your enemies.
   It lets you go berserk.
   It makes you more stealthy.
Missiles
 j - 30 poisoned darts
 F - a throwing net
 K - a curare-tipped dart
Armour
 a - a +0 robe (worn)
 y - a +0 pair of gloves (worn)
 J - a scarf of repulsion (worn)
Jewellery
 e - a ring of flight
 u - an amulet of regeneration (around neck)
 v - a ring of poison resistance (right hand)
 x - a ring of protection from cold
 G - a ring of willpower (left hand)
 H - a ring of fire
Wands
 o - a wand of flame (46)
 q - a wand of acid (10)
 C - a wand of mindburst (8)
Scrolls
 b - 2 scrolls of fear
 c - 3 scrolls of teleportation {unknown}
 f - 2 scrolls of enchant weapon
 m - a scroll of fog
 n - a scroll of silence {unknown}
 p - a scroll of enchant armour {unknown}
 s - 2 scrolls of amnesia {unknown}
 w - 3 scrolls of magic mapping
 z - 6 scrolls of identify
 A - 2 scrolls of holy word {unknown}
Potions
 d - 6 potions of curing {unknown}
 g - 2 potions of cancellation {unknown}
 h - 5 potions of haste {unknown}
 k - a potion of attraction {unknown}
 l - 2 potions of heal wounds {unknown}
 r - a potion of brilliance {unknown}
 t - 2 potions of magic {unknown}
 B - 2 potions of flight {unknown}
 D - 3 potions of degeneration {unknown}
 E - a potion of mutation {unknown}


   Skills:
 + Level 8.4 Dodging
 + Level 9.2 Stealth
 + Level 9.3 Spellcasting
 + Level 8.6 Conjurations


You had 23 spell levels left.
You knew the following spells:

 Your Spells              Type           Power      Damage    Failure   Level
a - Magic Dart            Conj           100%       1d8       1%          1
b - Searing Ray           Conj           100%       3d7       1%          2

Your spell library contained the following spells:

 Spells                   Type           Power      Damage    Failure   Level
 Shock                    Conj/Air       100%       1d9       1%          1
 Dazzling Flash           Conj/Hex       72%        N/A       2%          3
 Animate Skeleton         Necr           24%        N/A       4%          1
 Corona                   Hex            13%        N/A       4%          1
 Pain                     Necr           48%        1d6       4%          1
 Slow                     Hex            12%        N/A       7%          2
 Fulminant Prism          Conj/Hex       18%        3d11      8%          4
 Iskenderun's Mystic Bla  Conj/Tloc      36%        2d9       8%          4
 Inner Flame              Hex/Fire       12%        N/A       14%         3
 Portal Projectile        Hex/Tloc       24%        N/A       14%         3
 Vampiric Draining        Necr           6%         2d6       14%         3
 Animate Dead             Necr           6%         N/A       43%         4
 Cause Fear               Hex            6%         N/A       43%         4
 Leda's Liquefaction      Hex/Erth       6%         N/A       43%         4
 Agony                    Necr           12%        N/A       78%         5


Dungeon Overview and Level Annotations

Branches:
Dungeon (8/15)             Temple (1/1) D:4
   Lair: D:8-11

Altars:
Ashenzari
Elyvilon
Fedhas
Hepliaklqana
Kikubaaqudgha
Makhleb
Nemelex Xobeh
Okawaru
Qazlal
Ru
Trog
Vehumet
Wu Jian
Yredelemnul
Zin
The Shining One

Annotations:
D:4 2 transporters, Mels's ghost, amateur OpEE


Message History

Press: ? - help, Shift-Dir - straight line, f - slime creature
Aim: a slime creature (wandering, hasn't noticed you, 100% to hit)
The magic dart hits the slime creature.
The slime creature is lightly wounded.
The slime creature quivers.
Casting: Magic Dart (safe; 1% risk of failure)
Confirm with . or Enter, or press ? or * to list all spells.
Aiming: Magic Dart (safe; 1% risk of failure)
Press: ? - help, Shift-Dir - straight line, f/p - slime creature
Aim: a slime creature (lightly wounded, 100% to hit)
The magic dart hits the slime creature.
The slime creature is lightly wounded.
Casting: Magic Dart (safe; 1% risk of failure)
Confirm with . or Enter, or press ? or * to list all spells.
Aiming: Searing Ray (safe; 1% risk of failure)
Press: ? - help, Shift-Dir - straight line, f/p - slime creature
Aim: a slime creature (lightly wounded, 96% to hit)
The searing ray hits the slime creature.
The slime creature is lightly wounded. (Press . to maintain the ray.)
The searing ray hits the slime creature!
The slime creature is moderately wounded.
The searing ray hits the slime creature!
The slime creature is heavily wounded.
The slime creature hits you!
The searing ray hits the slime creature!
The slime creature is severely wounded.
You finish channeling your searing ray.
The slime creature hits you! The slime creature hits you!!
* * * LOW HITPOINT WARNING * * *
Casting: Searing Ray (safe; 1% risk of failure)
Confirm with . or Enter, or press ? or * to list all spells.
Aiming: Searing Ray (safe; 1% risk of failure)
Press: ? - help, Shift-Dir - straight line, f/p - slime creature
Aim: a slime creature (severely wounded, 96% to hit)
The searing ray hits the slime creature!
The slime creature is almost dead. (Press . to maintain the ray.)
The slime creature hits you!
You die...

#######.## #.....# ##..####+#
#.########...## #..##
#######.##.........#####..#
#.......##.#####..###.....# #
#.#...........##z......##.#..#
....##.#.#.##..........##.'z..#
#.####.#.#.###....<[......#z.z.#
#.####<)....##.#J##.#..#).#.....#
#........>......@##.#..#..# .z.z#
######......##.##.........# #...+
#......##.##.#.#.....# #..#
#......##.##.#.#.##..# #.#
####.####......#.# ..# #.#
##.....#.. ..' #.# #.....# #.#
#...>.# #.# #.....#


You could see a slime creature and a wight.

Vanquished Creatures
  A hornet (D:7)
  5 slime creatures
  A yak (D:6)
  2 steam dragons (D:8)
  An ice beast (D:5)
  2 ogres (D:6)
  2 centaurs
  2 phantoms (D:6)
  A kobold brigand (D:8)
  A bullfrog (D:7)
  A scorpion (D:5)
  5 killer bees (D:7)
  A wight (D:8)
  A howler monkey (D:6)
  2 centaur zombies (D:7)
  A bullfrog zombie (D:7)
  3 hounds
  A jelly (D:6)
  2 centaur skeletons
  An iguana (D:7)
  An orc wizard (D:6)
  A killer bee zombie (D:7)
  A hound skeleton (D:4)
  3 gnolls (D:5)
  5 adders
  2 shadow imps (D:7)
  A white imp (D:7)
  An ufetubus (D:5)
  4 worms
  5 dart slugs
  6 orcs
  A bat (D:3)
  4 endoplasms
  3 goblins
  3 hobgoblins
  5 kobolds
  4 quokkas
  4 ball pythons
  A frilled lizard (D:3)
  3 rats
94 creatures vanquished.

Notes
Turn   | Place    | Note
-------+----------+-------------------------------------------
     0 | D:1      | reriks the Deep Elf Conjurer began the quest for the Orb.
     0 | D:1      | Reached XP level 1. HP: 10/10 MP: 6/6
   657 | D:1      | Reached XP level 2. HP: 15/15 MP: 4/8
  1894 | D:2      | Found a faded altar of an unknown god.
  1995 | D:2      | Reached XP level 3. HP: 19/19 MP: 7/9
  2559 | D:3      | Learned a level 2 spell: Searing Ray
  3716 | D:4      | Reached XP level 4. HP: 24/24 MP: 8/11
  3834 | D:4      | Found a staircase to the Ecumenical Temple.
  3859 | Temple   | Entered the Ecumenical Temple
  3896 | Temple   | Became a worshipper of Vehumet
  3960 | D:4      | Reached skill level 5 in Conjurations
  4230 | D:4      | You are sucked into a shaft and drop 2 floors!
  4286 | D:5      | Entered Level 5 of the Dungeon
  4359 | D:5      | Noticed an ice beast
  4428 | D:5      | Noticed a scorpion
  4435 | D:5      | Killed a scorpion
  4436 | D:5      | Reached XP level 5. HP: 24/28 MP: 4/13
  4765 | D:4      | Found a transporter.
  4801 | D:4      | Found a transporter.
  5011 | D:4      | Noticed Mels's ghost (amateur OpEE)
  5219 | D:5      | Noticed a centaur
  5223 | D:5      | Killed a centaur
  5421 | D:5      | Reached XP level 6. HP: 32/32 MP: 6/15
  5493 | D:5      | Killed an ice beast
  5494 | D:5      | Reached skill level 5 in Spellcasting
  5775 | D:5      | Reached skill level 5 in Stealth
  6582 | D:6      | Reached skill level 5 in Dodging
  6582 | D:6      | Reached XP level 7. HP: 36/36 MP: 11/17
  7062 | D:6      | Found a sparkling altar of Nemelex Xobeh.
  7076 | D:6      | Reached * piety under Vehumet
  7076 | D:6      | Offered knowledge of Shock by Vehumet.
  8035 | D:7      | Noticed a yak
  8035 | D:7      | Noticed a yak
  8035 | D:7      | Noticed a yak
  8035 | D:7      | Noticed a yak
  8035 | D:7      | Noticed a yak
  8062 | D:6      | Killed a yak
  8063 | D:6      | Reached XP level 8. HP: 18/41 MP: 11/20
  8742 | D:7      | Noticed a hornet
  8750 | D:7      | Killed a hornet
  9850 | D:7      | Identified the +10 dagger "Nipret" {vorpal, +Rage Stlth+}
 10812 | D:8      | Reached XP level 9. HP: 40/45 MP: 16/23
 12099 | D:8      | Slain by a slime creature

Illustrated notes

Levels and vault maps discovered:
D:1:      roderic_crop_circles_arrival_small, layout_basic,
          kennysheep_decorative_pillar
D:2:      layout_basic, chequers_ecumenical_altar_simple_redux
D:3:      layout_basic
D:4:      layout_loops_ring, minmay_temple_entry_gardened_gates,
          gammafunk_ghost_stat_death, serial_forest,
          infiniplex_forest_clump_curved, infiniplex_forest_lined_3_way,
          infiniplex_forest_end_2, infiniplex_forest_join,
          infiniplex_forest_zigzag_1, infiniplex_forest_lined_room_2
D:5:      layout_basic
D:6:      layout_layer_cave, kennysheep_little_box
D:7:      layout_loops_ring, minmay_misc_feat_nine_boxes,
          minmay_splitting_lines, serial_bayou_pond_e
D:8:      layout_loops_cross, minmay_quadrilaterals
Temple:   regret_index_temple_sigil_plot

Skill      XL: |  1  2  3  4  5  6  7  8  9 |
---------------+----------------------------+-----
Stealth        | 3 4 5 6 8 9 |  9.2
Dodging        | 3 4 5 6 7 8 |  8.4
Conjurations   | 5 6 7 8 |  8.6
Spellcasting   | 4 5 6 8 9 |  9.3

Action                   |  1- 3 |  4- 6 |  7- 9 || total
-------------------------+-------+-------+-------++-------
 Cast: Magic Dart        |   104 |    38 |    69 ||   211
       Searing Ray       |     1 |    12 |    48 ||    61
Evoke: Wand              |       |     1 |     4 ||     5
  Use: Scroll            |       |     6 |       ||     6
Armor: Robe              |     1 |       |     3 ||     4
Dodge: Dodged            |    10 |     9 |    38 ||    57

Table legend: (Time is in decaauts)
 A = Elapsed time spent in this place.
 B = Non-inter-level travel time spent in this place.
 C = Inter-level travel time spent in this place.
 D = Time resting spent in this place.
 E = Time spent auto-exploring this place.
 F = Levels seen in this place.
 G = Mean time per level.
                   A        B        C        D        E       F      G
               +--------+--------+--------+--------+--------+-----+--------+
         Total |  12108 |  11612 |    496 |   5220 |   5474 |   9 | 1345.3 |
       Dungeon |  12046 |  11573 |    473 |   5220 |   5440 |   8 | 1505.8 |
        Temple |     61 |     38 |     23 |      0 |     34 |   1 |   61.0 |
               +--------+--------+--------+--------+--------+-----+--------+

Top non-repeatable levels by time:
     D:7: 2689 daAuts
     D:6: 1982 daAuts
     D:1: 1406 daAuts
     D:8: 1312 daAuts
     D:5: 1241 daAuts
     D:3: 1226 daAuts
     D:4: 1213 daAuts
     D:2: 974 daAuts
  Temple: 61 daAuts
